Map: Ruins of Seras

Players

TomikuS

  • Race: Zerg Zerg
  • League: Grandmaster

Beastyqt - Winner!

  • Race: Terran Terran
  • League: Master

Event: Lycan League Weekly August #2

VOD

Have the link to the VOD?

Description

Time

  • Played on: Aug. 10, 2015, 2:26 p.m.
  • Length: 22:57
Show
View Real Time Build Order
Export as new Build Order

TomikuS Zerg 

Build Orders: Hatch First, Roach Nydus 

Get SALT Encoding   

  12  0:01  Drone  
  13  0:12  Overlord  
  13  0:20  Drone  
  14  0:31  Drone x2  
  16  0:36  Drone  
  17  0:53  Hatchery  
  16  0:57  Drone  
  16  0:59  Drone  
  18  1:13  Spawning Pool  
  18  1:16  Drone  
  18  1:19  Drone  
  19  1:31  Drone  
  20  1:39  Overlord  
  20  1:40  Extractor  
  19  1:51  Drone  
  20  2:01  Zergling x2  
  21  2:06  Queen x2  
  21  2:07  Drone  
  26  2:12  Zergling x2  
  27  2:21  Overlord  
  27  2:31  Drone x2  
  29  2:39  Drone x2  
  29  2:42  Queen  
  32  2:51  Lair  
  32  2:58  Spore Crawler  
  31  2:59  Drone  
  31  3:00  Drone x3  
  35  3:05  Extractor  
  34  3:16  Overlord  
  34  3:17  Drone x5  
  40  3:27  Drone x3  
  40  3:29  Extractor  
  40  3:33  Roach Warren  
  41  3:36  Drone x3  
  44  4:03  Overlord  
  44  4:07  Nydus Network  
  43  4:10  Queen x2  
  43  4:13  Overlord  
  43  4:14  Overlord x2  
  47  4:28  Roach x5  
  57  4:34  Roach x2  
  61  4:43  Roach  
  61  4:44  Roach  
  64  4:49  Nydus Canal  
  64  4:51  Roach x2  
  68  4:58  Glial Reconstitution  
  68  5:00  Roach x2  
  68  5:03  Roach  
  74  5:08  Roach  
  76  5:22  Queen x2  
  76  5:28  Overseer  
  70  5:34  Roach x3  
  76  5:45  Overlord x2  
  72  5:51  Roach x2  
  70  6:02  Roach x2  
  70  6:03  Roach x2  
  66  6:04  Roach  
  66  6:05  Roach x2  
  66  6:06  Queen  
  66  6:10  Pneumatized Carapace  
  70  6:15  Roach  
  68  6:26  Nydus Canal  
  66  6:36  Roach x4  
  74  6:44  Roach x4  
  80  6:53  Roach x4  
  86  6:58  Roach x2  
  90  7:10  Roach x2  
  92  7:28  Roach x2  
  92  7:29  Overlord x2  
  92  7:31  Queen  
  92  7:35  Queen  
  80  7:51  Roach x3  
  80  7:52  Roach  
  78  8:00  Roach  
  78  8:01  Roach  
  78  8:02  Tunneling Claws  
  74  8:08  Burrow  
  74  8:10  Nydus Canal  
  74  8:11  Roach  
  74  8:12  Roach  
  78  8:16  Roach, Zergling x4  
  78  8:17  Zergling x4  
  84  8:28  Roach x3  
  84  8:29  Roach  
  76  8:50  Roach x3  
  76  8:51  Roach x2  
  84  8:58  Roach x2  
  84  8:59  Roach x2  
  92  9:14  Roach x4  
  92  9:16  Roach x5  
  92  9:17  Roach  
  102  9:26  Roach x11  
  102  9:28  Roach x2  
  96  9:40  Roach x3  
  96  9:43  Roach  
  98  9:52  Roach x2  
  84  10:00  Roach x2  
  84  10:03  Queen x2  
  84  10:11  Roach  
  84  10:12  Roach  
  84  10:13  Roach x10  
  82  10:19  Roach x10  
  76  10:34  Roach x4  
  84  10:39  Queen x2  
  84  10:42  Roach x4  
  80  10:48  Roach x2  
  80  10:58  Roach x2  
  80  11:06  Roach x2  
  80  11:11  Spire  
  80  11:13  Roach x4  
  85  11:34  Roach x11  
  85  11:39  Roach x10  
  85  11:46  Roach x9  
  81  11:52  Roach x9  
  81  11:57  Overlord  
  75  12:12  Overlord  
  75  12:14  Extractor  
  74  12:24  Hatchery  
  74  12:26  Mutalisk x4  
  74  12:27  Mutalisk x3  
  83  12:40  Roach x2  
  79  12:53  Mutalisk  
  79  12:54  Mutalisk x2  
  85  13:06  Mutalisk  
  85  13:07  Mutalisk  
  81  13:42  Roach x2  
  79  13:50  Roach  
  79  13:51  Roach x7  
  85  14:01  Drone x5  
  85  14:08  Drone x3  
  83  14:20  Drone x4  
  83  14:22  Roach x2  
  84  14:30  Drone x3  
  86  14:35  Ravager x7  
  91  14:53  Drone x5  
  91  14:54  Drone  
  95  15:22  Roach x8  
  103  16:04  Hatchery  
  104  16:11  Roach  
  104  16:12  Roach x8  
  106  16:28  Hydralisk Den  
  105  16:33  Roach x3, Extractor x2  
  109  16:52  Evolution Chamber x2  
  107  16:58  Drone  
  107  16:59  Hydralisk Den  
  107  17:03  Muscular Augments  
  107  17:08  Hydralisk x4  
  118  17:21  Hydralisk  
  122  17:24  Drone x3  
  126  17:34  Hydralisk  
  121  17:45  Overlord x4  
  120  17:56  Hydralisk  
  119  17:58  Overlord  
  119  18:11  Overlord  
  119  18:12  Hydralisk x5  
  129  18:26  Infestation Pit  
  124  18:39  Roach x27  
  124  18:40  Hydralisk  
  124  18:41  Roach x3  
  134  18:43  Overlord x2  
  132  18:48  Hydralisk  
  132  18:49  Roach  
  89  19:10  Zerg Missile Weapons Level 1  
  89  19:14  Drone x10  
  99  19:24  Drone x5, Extractor x2  
  100  19:34  Roach x10  
  100  19:35  Drone x3  
  100  19:36  Drone x2  
  99  19:46  Roach x10  
  99  19:47  Drone  
  99  19:48  Drone x4  
  88  20:09  Hydralisk x3  
  90  20:20  Drone x2  
  80  20:37  Hydralisk x2  
  80  21:05  Hatchery  
  63  21:33  Drone x11  
  74  21:41  Hydralisk  
  74  21:42  Hydralisk  
  74  21:46  Roach  
  53  22:23  Drone x5  
Show
View Real Time Build Order
Export as new Build Order

Beastyqt Terran - Winner!

Build Orders: Liberator Opening, Reaper Expand 

Get SALT Encoding   

  12  0:01  SCV  
  13  0:13  SCV  
  14  0:18  Supply Depot  
  14  0:25  SCV  
  15  0:40  SCV  
  15  0:42  Barracks  
  16  0:46  Refinery  
  16  0:52  SCV  
  17  1:04  SCV  
  18  1:16  SCV  
  19  1:28  Orbital Command  
  19  1:30  Reaper  
  20  1:45  Command Center  
  20  1:57  SCV, Supply Depot  
  21  2:02  Marine  
  22  2:12  SCV  
  22  2:15  Factory  
  23  2:21  Refinery  
  23  2:24  Barracks Reactor  
  23  2:25  SCV  
  24  2:37  SCV  
  25  2:49  SCV  
  27  3:01  Orbital Command  
  27  3:05  SCV  
  27  3:06  Starport  
  27  3:09  Hellion x2  
  32  3:14  Marine  
  32  3:17  SCV  
  33  3:26  Supply Depot  
  33  3:27  Liberator  
  33  3:28  SCV  
  33  3:29  SCV  
  33  3:30  Hellion x2  
  39  3:40  SCV  
  40  3:41  SCV  
  44  3:48  Supply Depot  
  44  3:52  SCV, Armory  
  44  3:53  SCV  
  46  3:56  Hellion  
  48  4:03  Hellion  
  48  4:04  SCV  
  48  4:05  SCV  
  48  4:06  Barracks Reactor  
  51  4:12  Liberator  
  51  4:16  SCV  
  52  4:17  SCV  
  52  4:18  Supply Depot  
  52  4:21  Widow Mine  
  52  4:23  Widow Mine  
  55  4:24  Engineering Bay  
  60  4:32  SCV  
  60  4:36  Supply Depot  
  60  4:38  SCV  
  62  4:41  Supply Depot  
  62  4:44  SCV  
  63  4:47  Hellion  
  63  4:48  Hellion x3  
  63  4:50  SCV  
  64  4:54  Liberator  
  64  4:57  Hellion x2  
  64  4:58  SCV  
  69  5:03  Missile Turret  
  69  5:04  Command Center, SCV  
  68  5:11  SCV  
  70  5:17  SCV  
  70  5:19  Hellion x2  
  73  5:23  SCV  
  73  5:27  Factory  
  71  5:31  SCV  
  68  5:37  SCV  
  68  5:40  Hellion x2  
  69  5:45  SCV  
  69  5:49  SCV  
  67  5:54  Refinery x2  
  60  5:57  SCV  
  60  6:01  SCV  
  54  6:04  Hellion  
  54  6:05  Hellion  
  54  6:09  SCV  
  56  6:13  SCV  
  56  6:14  Factory Tech Lab  
  57  6:21  SCV, Liberator  
  57  6:26  SCV  
  57  6:30  Orbital Command  
  53  6:33  SCV  
  53  6:37  Hellion  
  53  6:38  SCV, Hellion  
  56  6:45  SCV  
  57  6:49  Hellion  
  57  6:50  SCV  
  60  6:56  SCV  
  60  6:57  SCV  
  60  6:59  Hellion  
  60  7:01  Hellion  
  63  7:03  Liberator  
  61  7:10  Siege Tank  
  61  7:11  SCV  
  63  7:17  SCV  
  63  7:20  Hellion  
  63  7:22  Hellion  
  69  7:23  SCV  
  69  7:28  Orbital Command  
  67  7:30  SCV  
  67  7:35  SCV  
  66  7:42  SCV  
  63  7:47  SCV  
  63  7:48  Hellion, Siege Tank  
  63  7:49  Hellion  
  59  8:00  SCV  
  59  8:02  SCV  
  59  8:03  Liberator  
  61  8:09  SCV  
  62  8:17  SCV x2  
  68  8:20  Hellion x2  
  68  8:21  SCV, Refinery  
  72  8:29  SCV  
  72  8:32  Siege Tank  
  77  8:34  SCV x2  
  77  8:35  Liberator  
  79  8:41  SCV  
  79  8:42  Hellion x2  
  75  8:51  SCV  
  75  8:52  SCV  
  74  8:56  SCV  
  75  9:03  SCV  
  75  9:04  SCV  
  75  9:08  Hellion x2, Siege Tank  
  84  9:11  SCV, Factory x2  
  84  9:15  SCV  
  84  9:16  SCV  
  87  9:24  SCV  
  88  9:29  SCV  
  84  9:32  Supply Depot x2  
  84  9:37  Missile Turret  
  76  9:41  SCV x2  
  76  9:42  SCV  
  76  9:44  Missile Turret  
  79  9:46  Missile Turret  
  70  9:53  SCV  
  70  9:54  SCV  
  70  9:57  Hellion, Siege Tank  
  70  9:58  SCV  
  67  10:06  SCV  
  66  10:14  SCV  
  59  10:18  SCV  
  55  10:29  Siege Tank  
  55  10:31  Orbital Command  
  55  10:38  Missile Turret  
  55  10:42  SCV  
  55  10:44  Hellion x2  
  55  10:45  SCV  
  55  10:54  SCV  
  55  10:57  SCV  
  55  10:58  SCV, Refinery  
  55  11:01  Siege Tank  
  55  11:02  Missile Turret  
  59  11:18  SCV  
  60  11:20  Hellion x2  
  64  11:27  Factory Tech Lab  
  64  11:28  SCV x2, Supply Depot  
  64  11:30  SCV  
  67  11:34  Siege Tank  
  67  11:44  SCV  
  67  11:51  Orbital Command  
  61  11:55  Hellion x2  
  61  11:58  SCV  
  61  11:59  SCV  
  66  12:05  Supply Depot, Engineering Bay  
  66  12:10  SCV  
  66  12:11  SCV  
  66  12:12  Siege Tank  
  66  12:15  Refinery, Liberator x2  
  65  12:28  SCV  
  62  12:30  Hellion x2  
  62  12:35  SCV  
  69  12:45  Orbital Command  
  69  12:47  SCV  
  70  12:53  Missile Turret  
  70  12:55  Terran Vehicle Weapons Level 1  
  70  12:59  SCV  
  70  13:02  Factory Reactor  
  70  13:04  Missile Turret  
  70  13:08  Orbital Command  
  70  13:09  Hellion x4  
  70  13:11  SCV x2  
  69  13:23  SCV x2  
  68  13:35  SCV, Missile Turret  
  68  13:38  Missile Turret  
  69  13:42  Missile Turret  
  69  13:43  Refinery  
  69  13:48  SCV  
  66  13:53  SCV  
  66  13:55  SCV  
  67  14:02  Widow Mine  
  69  14:14  Supply Depot  
  69  14:18  Siege Tank  
  66  14:30  Hellion  
  66  14:43  SCV  
  67  14:52  Liberator x2  
  64  15:11  Hellion, Siege Tank  
  70  15:23  SCV  
  71  15:35  Factory Tech Lab  
  67  15:36  Widow Mine  
  67  16:06  Siege Tank x2  
  73  16:11  SCV  
  74  16:20  SCV  
  70  16:26  SCV  
  71  16:45  SCV  
  72  17:18  Missile Turret  
  72  17:19  Orbital Command  
  67  17:59  Siege Tank x2  
  73  18:14  Command Center  
  73  18:18  Refinery  
  73  18:19  Refinery  
  73  18:25  Hellion x2  
  77  18:34  Siege Tank x2  
  77  18:43  Terran Vehicle Weapons Level 2  
  77  18:44  Unknown  
  77  18:46  Fusion Core  
  77  18:47  SCV x2  
  76  18:52  Factory Reactor, Infernal Pre-Igniter  
  76  18:55  Hellion x2  
  80  18:59  SCV  
  71  19:03  SCV  
  71  19:05  SCV  
  71  19:07  Missile Turret  
  69  19:11  SCV  
  69  19:12  Siege Tank  
  69  19:15  SCV  
  74  19:17  SCV  
  75  19:37  Hellion  
  75  19:38  Hellion  
  79  19:40  Cyclone  
  79  19:42  Liberator  
  79  19:44  Cyclone  
  85  19:57  Hellion x2  
  89  20:08  Hellion x4  
  86  20:27  Cyclone  
  86  20:28  Cyclone, Hellion x3  
  95  20:40  Hellion  
  97  20:56  Hellion x2  
  98  20:59  Refinery  
  98  21:02  Missile Turret  
  98  21:04  Refinery  
  98  21:08  Cyclone  
  101  21:20  Cyclone  
  104  21:30  Planetary Fortress  
  102  21:37  SCV x2  
  102  21:38  SCV  
  105  21:40  Cyclone  
  105  21:42  Hellion  
  108  21:56  Supply Depot  
  108  21:57  Supply Depot  
  108  22:17  Cyclone x2  
  108  22:18  Hellion  
  110  22:28  Command Center  
  108  22:35  SCV  
  108  22:36  SCV x2  
  111  22:45  SCV  

Tags
 
Add a new tag
Caveats
  • Supply blocks, unpowered buildings, or Contaminate may cause inaccurate times.
  • Supply counts are checked every 10 seconds.